Map: Deathaura LE

Players

prospeKt - Winner!

  • Race: Zerg Zerg
  • Spawn Location: 11:00

starscream

  • Race: Protoss Protoss
  • League: Platinum
  • Spawn Location: 5:00

VOD

Have the link to the VOD?

Description

Time

  • Played on: June 10, 2020, 9:59 a.m.
  • Length: 11:21
Show
View Real Time Build Order
Export as new Build Order

prospeKt Zerg - Winner!

Build Orders: Pool First, Roach Hydra 

Get SALT Encoding   

  12  0:00  Drone  
  13  0:14  Overlord  
  13  0:21  Drone  
  14  0:33  Drone  
  14  0:35  Drone  
  16  0:37  Drone  
  17  0:47  Drone  
  18  0:54  Spawning Pool  
  17  1:09  Hatchery  
  16  1:12  Drone  
  17  1:22  Drone  
  17  1:24  Drone  
  19  1:30  Drone, Extractor  
  19  1:41  Drone  
  20  1:51  Drone  
  21  2:03  Drone  
  22  2:13  Overlord  
  22  2:21  Queen x2  
  22  2:22  Drone  
  27  2:25  Zergling x2  
  28  2:36  Drone x2  
  30  2:41  Hatchery  
  30  2:43  Roach Warren  
  28  2:48  Drone  
  29  2:54  Extractor  
  29  2:58  Zergling x4  
  29  3:06  Drone x2  
  29  3:08  Overlord  
  31  3:20  Drone x2  
  33  3:28  Roach  
  33  3:29  Roach  
  37  3:43  Overlord  
  37  3:45  Evolution Chamber, Drone  
  37  4:01  Roach x3  
  40  4:07  Roach x2  
  44  4:16  Roach x2  
  48  4:33  Drone x2  
  50  4:41  Drone x2  
  52  4:52  Lair  
  52  4:57  Overlord x2  
  52  5:11  Overlord  
  52  5:15  Queen  
  52  5:19  Drone x5  
  55  5:30  Drone x2  
  55  5:37  Extractor  
  55  5:39  Drone x4, Extractor  
  55  5:40  Drone  
  56  5:45  Hatchery  
  56  5:49  Zerg Missile Weapons Level 1  
  55  5:51  Glial Reconstitution  
  55  5:53  Overseer  
  55  5:56  Drone x4  
  59  6:08  Roach  
  59  6:09  Roach  
  59  6:10  Roach x2  
  67  6:11  Drone  
  67  6:16  Overlord  
  68  6:31  Overlord x2  
  68  6:36  Drone  
  68  6:37  Drone x6  
  75  6:51  Overlord x2  
  75  6:56  Spore Crawler  
  75  6:57  Spine Crawler  
  75  6:59  Spine Crawler  
  75  7:01  Spore Crawler  
  71  7:04  Spine Crawler x2, Drone x8  
  71  7:07  Overseer  
  71  7:08  Overseer  
  77  7:18  Spore Crawler  
  77  7:21  Drone x4  
  80  7:23  Spine Crawler  
  80  7:26  Queen  
  81  7:42  Drone x10  
  91  7:54  Extractor  
  91  7:55  Hydralisk Den, Extractor  
  91  7:57  Evolution Chamber  
  87  8:19  Zerg Missile Weapons Level 2  
  87  8:24  Infestation Pit  
  87  8:26  Zerg Ground Armor Level 1  
  86  8:27  Grooved Spines, Hydralisk x9  
  86  8:30  Drone  
  105  8:45  Overlord x3  
  105  9:03  Hatchery  
  105  9:05  Hive  
  105  9:06  Hydralisk x2  
  105  9:07  Lurker Den  
  105  9:08  Hydralisk x4  
  115  9:25  Hydralisk x7  
  129  9:38  Muscular Augments  
  129  9:56  Overlord x2  
  129  9:57  Overlord x2  
  129  10:16  Hydralisk x12  
  129  10:17  Hydralisk x2  
  155  10:35  Spore Crawler, Hydralisk x4  
  161  10:46  Hatchery  
  160  10:56  Spore Crawler  
  159  11:09  Spore Crawler  
  156  11:11  Spore Crawler  
  156  11:13  Spore Crawler  
Show
View Real Time Build Order
Export as new Build Order

starscream Protoss 

Build Orders:  

Get SALT Encoding   

  12  0:09  Probe  
  12  0:11  Pylon  
  13  0:17  Probe  
  14  0:34  Forge  
  14  0:36  Probe  
  15  0:48  Probe  
  16  1:01  Pylon  
  16  1:08  Gateway  
  16  1:12  Probe  
  17  1:21  Photon Cannon  
  17  1:28  Photon Cannon  
  17  1:31  Probe  
  18  1:44  Probe  
  19  1:51  Assimilator  
  19  1:56  Probe  
  19  1:58  Cybernetics Core  
  20  2:22  Photon Cannon  
  20  2:24  Photon Cannon, Probe  
  21  2:32  Probe  
  21  2:34  Pylon  
  22  2:41  Shield Battery  
  22  3:01  Pylon  
  22  3:03  Probe  
  23  3:06  Stalker  
  23  3:08  Assimilator  
  25  3:20  Photon Cannon  
  25  3:22  Shield Battery  
  25  3:30  Probe  
  25  3:34  Twilight Council  
  26  3:39  Stalker  
  28  3:56  Photon Cannon  
  28  3:58  Photon Cannon  
  28  4:08  Shield Battery  
  28  4:12  Pylon  
  28  4:42  Nexus  
  28  4:51  Dark Shrine  
  28  4:54  Sentry  
  30  5:00  Pylon  
  30  5:22  Shield Battery  
  30  5:23  Photon Cannon  
  30  5:29  Stalker  
  32  5:37  Pylon  
  32  5:38  Assimilator  
  32  5:57  Photon Cannon  
  32  6:05  Stargate  
  32  6:07  Probe  
  32  6:10  Dark Templar  
  35  6:19  Probe  
  35  6:25  Stargate  
  36  6:32  Probe  
  36  6:33  Photon Cannon  
  37  6:40  Probe  
  38  6:49  Probe  
  38  6:50  Dark Templar  
  41  7:05  Pylon  
  41  7:24  Void Ray x2  
  49  7:32  Shield Battery  
  49  7:36  Stalker, Photon Cannon  
  51  7:43  Shield Battery  
  51  8:07  Void Ray  
  51  8:11  Void Ray  
  59  8:29  Fleet Beacon  
  59  8:52  Void Ray  
  63  9:02  Void Ray  
  63  9:09  Pylon  
  67  9:15  Stalker  
  69  9:28  Shield Battery  
  69  9:30  Pylon  
  69  9:33  Unknown  
  69  9:46  Photon Cannon  
  69  9:47  Shield Battery  
  69  10:05  Assimilator  
  69  10:08  Void Ray  
  67  10:29  Void Ray  
Tags
 
Composition
Roach Hydra
League
Platinum
Matchup
PvZ
Opening
Pool First
Spawn Locations
Cross Positions
Add a new tag
Caveats
  • Supply blocks, unpowered buildings, or Contaminate may cause inaccurate times.
  • Supply counts are checked every 10 seconds.